Spitfire vs Punishers
(R1)
Created - 16 décembre 2012 at 19:02
Goals
|
| Spitfire |
1 |
1 |
3 |
5 |
| Punishers |
1 |
3 |
2 |
6 |
|
Shots
|
| Spitfire |
9 |
6 |
14 |
29 |
| Punishers |
8 |
21 |
14 |
43 |
|
1st period
1. Spitfire , Shean Donovan 8 (Kris Beech, Keaton Ellerby) at 0:54
2. Punishers , Alyn McCauley 3 (Chris Conner, Viktor Stalberg) at 14:38
Penalties :
Alyn McCauley (Pro) for Interference (Minor) at 10:20
2nd period
3. Punishers , Mike Weber 2 (Petteri Nokelainen, Adam Pineault) at 1:56
4. Punishers , Petteri Nokelainen 4 (Jimmie Olvestad, Adam McQuaid) at 5:36
5. Spitfire , Eric Fehr 11 (Derick Brassard) at 12:22 (PP)
6. Punishers , Jean-Luc Grand-Pierre 2 (Chris Conner, Jimmie Olvestad) at 19:32 (PP)
Penalties :
Alyn McCauley (Pro) for Hooking (Minor) at 12:20, Jason Gregoire (Pro) for Tripping (Minor) at 13:28, Keaton Ellerby (Val) for Tripping (Minor) at 18:01
3rd period
7. Spitfire , Martin Samuelsson 8 (Eric Fehr) at 9:42
8. Spitfire , Denis Shvidki 7 (Dick Tarnstrom, Marc-Antoine Pouliot) at 12:14 (PP)
9. Punishers , Chris Conner 8 (Jassen Cullimore, Marc-André Bergeron) at 12:30
10. Punishers , Ryan White 3 (Mike Blunden, Kris Chucko) at 15:00
11. Spitfire , Shean Donovan 9 (Tim Kennedy) at 15:33
Penalties :
David Krejci (Val) for Hooking (Minor) at 0:23, Martin Samuelsson (Val) for Holding (Minor) at 9:47, Jimmie Olvestad (Pro) for Hooking (Minor) at 11:08, Tim Kennedy (Val) for Hooking (Minor) at 17:51
Goalie Stats
Marc Denis (Val), 37 saves from 43 shots - (0,860), L, 8-5-0, 60:00 minutes
Karri Ramo (Pro), 24 saves from 29 shots - (0,828), W, 6-4-1, 60:00 minutes
Players Stats for Spitfire
Player Name G A P +/- PIM S H SB GA TA FO MP PP MP PK MP
------------------------------------------------------------------------------------
Brad Staubitz 0 0 0 0 0 0 0 0 0 0 0/0 0:40 0:01 0:00
David Krejci 0 0 0 -3 2 2 2 0 0 0 3/6 14:53 2:02 0:42
Denis Shvidki 1 0 1 -3 0 1 1 0 1 0 0/0 15:30 2:02 1:09
Derick Brassard 0 1 1 0 0 2 2 1 0 0 18/34 19:28 2:01 1:09
Devin Didiomete 0 0 0 0 0 0 0 0 0 0 0/0 0:00 0:00 0:00
Dick Tarnstrom 0 1 1 1 0 0 1 1 1 0 0/0 26:05 2:37 2:25
Eric Fehr 1 1 2 0 0 3 0 4 1 0 1/2 23:02 2:01 4:30
Erik Condra 0 0 0 0 0 1 0 0 1 0 0/0 7:20 0:00 0:00
Keaton Ellerby 0 1 1 0 2 1 2 0 0 1 0/0 12:44 0:00 0:00
Keith Yandle 0 0 0 -3 0 0 0 2 1 1 0/0 19:16 1:51 2:25
Kevin Klein 0 0 0 1 0 4 1 0 0 1 0/0 27:59 2:37 4:25
Kris Beech 0 1 1 1 0 1 1 0 0 0 3/8 12:42 0:01 0:03
Marc-Antoine Pouliot 0 1 1 0 0 1 1 0 1 1 1/1 8:40 0:25 0:00
Martin Samuelsson 1 0 1 0 2 2 4 1 3 0 4/10 22:10 2:25 3:37
Mathieu Roy 0 0 0 0 0 4 1 2 0 0 0/0 12:45 0:00 0:00
Matt Walker 0 0 0 -3 0 0 0 1 0 0 0/0 21:10 1:51 4:25
Paul Bissonnette 0 0 0 0 0 1 3 0 0 0 0/0 8:55 0:24 1:05
Sergei Kostitsyn 0 0 0 -3 0 0 2 0 0 0 0/0 14:12 2:02 0:00
Shean Donovan 2 0 2 1 0 5 1 1 0 1 0/0 11:37 0:00 0:00
Tim Kennedy 0 1 1 1 2 1 1 0 0 0 1/1 13:20 0:00 1:25
Players Stats for Punishers
Player Name G A P +/- PIM S H SB GA TA FO MP PP MP PK MP
------------------------------------------------------------------------------------
Adam McQuaid 0 1 1 1 0 1 0 0 0 1 0/0 10:23 0:00 0:00
Adam Pineault 0 1 1 1 0 4 3 0 0 0 0/0 15:01 2:41 0:00
Alyn McCauley 1 0 1 2 4 1 0 0 0 1 15/26 21:00 2:41 1:01
Chris Conner 1 2 3 2 0 4 2 0 1 1 0/2 21:33 4:09 0:51
Jason Gregoire 0 0 0 -1 2 0 0 0 0 0 0/0 7:54 0:00 0:00
Jassen Cullimore 0 1 1 1 0 5 2 3 0 2 0/0 30:26 4:31 2:37
Jean-Luc Grand-Pierre 1 0 1 0 0 3 1 1 0 1 0/0 19:05 2:19 1:51
Jean-Michel Daoust 0 0 0 -1 0 0 1 0 0 0 0/0 7:16 0:00 0:00
Jimmie Olvestad 0 2 2 1 2 3 1 0 1 0 0/0 18:44 4:08 1:46
Joe Vitale 0 0 0 -1 0 0 1 0 0 0 3/3 8:50 0:00 0:55
Kris Chucko 0 1 1 0 0 5 0 1 0 0 0/0 12:09 0:00 0:36
Marc-André Bergeron 0 1 1 1 0 0 0 0 0 0 0/0 26:38 4:31 2:37
Mike Blunden 0 1 1 0 0 2 1 2 0 0 0/0 11:16 0:00 0:00
Mike Grier 0 0 0 0 0 0 0 0 0 0 0/0 0:00 0:00 0:00
Mike Weber 1 0 1 1 0 3 0 0 0 0 0/0 10:10 0:00 0:00
Pavel Valentenko 0 0 0 0 0 0 0 0 0 0 0/0 4:13 0:00 0:00
Petteri Nokelainen 1 1 2 1 0 5 1 0 0 1 6/22 18:50 4:09 2:09
Ryan White 1 0 1 0 0 1 0 0 0 0 7/8 12:54 0:00 1:38
Stu Bickel 0 0 0 0 0 1 1 1 0 2 0/0 19:05 2:19 1:51
Viktor Stalberg 0 1 1 2 0 5 4 0 3 0 0/1 19:23 2:41 0:00
3 Stars
1 - Chris Conner (Pro)
2 - Shean Donovan (Val)
3 - Petteri Nokelainen (Pro)
Power Play
Spitfire - 2 on 4 Attempt(s) - 50,00%
Punishers - 1 on 4 Attempt(s) - 25,00%
Penalty Kill
Spitfire - 3 on 4 Attempt(s) - 75,00%
- Score 0 goal in Penalty Kill
Punishers - 2 on 4 Attempt(s) - 50,00%
- Score 0 goal in Penalty Kill
Official
Referees : Fraser Kerry and VanMassenhoven Don
Linesman : Jay Sharrers and Brad Kovachik
Game Notes
1:56 of 2nd period - Punishers goal is going for a video replay. After video review, Goal.
Spitfire
5 vs 5 Forward
Center Left Wing Right Wing Time % Phy DF OF
1 Derick Brassard Martin Samuelsson Eric Fehr 40 1 2 2
2 David Krejci Sergei Kostitsyn Denis Shvidki 30 1 2 2
3 Kris Beech Tim Kennedy Shean Donovan 20 1 2 2
4 Marc-Antoine Pouliot Paul Bissonnette Erik Condra 10 1 2 2
5 vs 5 Defense
Defense Defense Time % Phy DF OF
1 Kevin Klein Dick Tarnstrom 40 1 2 2
2 Matt Walker Keith Yandle 30 1 2 2
3 Keaton Ellerby Mathieu Roy 20 1 2 2
4 Kevin Klein Dick Tarnstrom 10 1 2 2
PowerPlay Forward
Center Left Wing Right Wing Time % Phy DF OF
1 Derick Brassard Martin Samuelsson Eric Fehr 60 1 2 2
2 David Krejci Sergei Kostitsyn Denis Shvidki 40 1 2 2
PowerPlay Defense
Defense Defense Time % Phy DF OF
1 Kevin Klein Dick Tarnstrom 60 1 2 2
2 Matt Walker Keith Yandle 40 1 2 2
Penalty Kill 4 Players Forward
Center Wing Time % Phy DF OF
1 Martin Samuelsson Eric Fehr 60 1 2 2
2 Denis Shvidki Derick Brassard 40 1 2 2
Penalty Kill 4 Players Defense
Defense Defense Time % Phy DF OF
1 Kevin Klein Matt Walker 60 1 2 2
2 Dick Tarnstrom Keith Yandle 40 1 2 2
Penalty Kill - 3 Players Forward
Forward Time % Phy DF OF
1 Martin Samuelsson 60 1 2 2
2 Eric Fehr 40 1 2 2
Penalty Kill - 3 Players Defense
Defense Defense Time % Phy DF OF
1 Kevin Klein Matt Walker 60 1 2 2
2 Dick Tarnstrom Keith Yandle 40 1 2 2
4 vs 4 Forward
Center Wing Time % Phy DF OF
1 Martin Samuelsson Eric Fehr 60 1 2 2
2 Denis Shvidki Derick Brassard 40 1 2 2
4 vs 4 Defense
Defense Defense Time % Phy DF OF
1 Kevin Klein Dick Tarnstrom 60 1 2 2
2 Matt Walker Keith Yandle 40 1 2 2
Last Minutes Offensive
Center Left Wing Right Wing Defense Defense
Derick Brassard Martin Samuelsson Eric Fehr Kevin Klein Matt Walker
Last Minutes Defensive
Center Left Wing Right Wing Defense Defense
Derick Brassard Martin Samuelsson Eric Fehr Kevin Klein Matt Walker
Goaltenders
Starting : Marc Denis
Backup : Yann Danis
Extra Forwards
Normal : Kris Beech, Marc-Antoine Pouliot, Tim Kennedy - PP : Kris Beech, Marc-Antoine Pouliot - PK : Tim Kennedy
Extra Defensemen
Normal : Keaton Ellerby, Keith Yandle, Kevin Klein - PP : Keaton Ellerby - PK : Keith Yandle, Kevin Klein
Penalty Shots
Martin Samuelsson, Eric Fehr, Denis Shvidki, Derick Brassard, David Krejci
Punishers
5 vs 5 Forward
Center Left Wing Right Wing Time % Phy DF OF
1 Alyn McCauley Viktor Stalberg Chris Conner 40 1 2 2
2 Petteri Nokelainen Jimmie Olvestad Adam Pineault 30 1 2 2
3 Ryan White Kris Chucko Mike Blunden 20 1 2 2
4 Joe Vitale Jason Gregoire Jean-Michel Daoust 10 1 2 2
5 vs 5 Defense
Defense Defense Time % Phy DF OF
1 Jassen Cullimore Marc-André Bergeron 40 1 2 2
2 Jean-Luc Grand-Pierre Stu Bickel 30 1 2 2
3 Mike Weber Adam McQuaid 20 1 2 2
4 Pavel Valentenko Jassen Cullimore 10 1 2 2
PowerPlay Forward
Center Left Wing Right Wing Time % Phy DF OF
1 Petteri Nokelainen Jimmie Olvestad Chris Conner 60 1 2 2
2 Alyn McCauley Viktor Stalberg Adam Pineault 40 1 2 2
PowerPlay Defense
Defense Defense Time % Phy DF OF
1 Jassen Cullimore Marc-André Bergeron 60 1 2 2
2 Jean-Luc Grand-Pierre Stu Bickel 40 1 2 2
Penalty Kill 4 Players Forward
Center Wing Time % Phy DF OF
1 Petteri Nokelainen Alyn McCauley 60 1 2 2
2 Jimmie Olvestad Chris Conner 40 1 2 2
Penalty Kill 4 Players Defense
Defense Defense Time % Phy DF OF
1 Jassen Cullimore Marc-André Bergeron 60 1 2 2
2 Jean-Luc Grand-Pierre Stu Bickel 40 1 2 2
Penalty Kill - 3 Players Forward
Forward Time % Phy DF OF
1 Petteri Nokelainen 60 1 2 2
2 Alyn McCauley 40 1 2 2
Penalty Kill - 3 Players Defense
Defense Defense Time % Phy DF OF
1 Jassen Cullimore Marc-André Bergeron 60 1 2 2
2 Jean-Luc Grand-Pierre Stu Bickel 40 1 2 2
4 vs 4 Forward
Center Wing Time % Phy DF OF
1 Petteri Nokelainen Alyn McCauley 60 1 2 2
2 Jimmie Olvestad Chris Conner 40 1 2 2
4 vs 4 Defense
Defense Defense Time % Phy DF OF
1 Jassen Cullimore Marc-André Bergeron 60 1 2 2
2 Jean-Luc Grand-Pierre Stu Bickel 40 1 2 2
Last Minutes Offensive
Center Left Wing Right Wing Defense Defense
Alyn McCauley Jimmie Olvestad Chris Conner Jassen Cullimore Marc-André Bergeron
Last Minutes Defensive
Center Left Wing Right Wing Defense Defense
Alyn McCauley Jimmie Olvestad Chris Conner Jassen Cullimore Marc-André Bergeron
Goaltenders
Starting : Karri Ramo
Backup : Curtis McElhinney
Extra Forwards
Normal : Petteri Nokelainen, Kris Chucko, Ryan White - PP : Petteri Nokelainen, Kris Chucko - PK : Ryan White
Extra Defensemen
Normal : Mike Weber, Adam McQuaid, Pavel Valentenko - PP : Mike Weber - PK : Adam McQuaid, Pavel Valentenko
Penalty Shots
Petteri Nokelainen, Alyn McCauley, Jimmie Olvestad, Chris Conner, Viktor Stalberg
% Time on Ice - Spitfire
Lines # - Real PCT - Wanted PCT - Time Play
Normal Forward
1 - 35% - 40% - 16:48
2 - 26% - 30% - 12:19
3 - 24% - 20% - 11:37
4 - 15% - 10% - 7:20
Normal Defense
1 - 38% - 40% - 18:22
2 - 31% - 30% - 15:00
3 - 27% - 20% - 12:45
4 - 4% - 10% - 1:57
PP Forward
1 - 54% - 60% - 2:26
2 - 46% - 40% - 2:02
PP Defense
1 - 59% - 60% - 2:37
2 - 41% - 40% - 1:51
PK Forward
1 - 83% - 60% - 5:41
2 - 17% - 40% - 1:09
PK Defense
1 - 65% - 60% - 4:25
2 - 35% - 40% - 2:25
PK3 Forward
1 - 0% - 60%
2 - 0% - 40%
PK3 Defense
1 - 0% - 60%
2 - 0% - 40%
44 Forward
1 - 100% - 60% - 0:38
2 - 0% - 40% - 0:00
44 Defense
1 - 100% - 60% - 0:38
2 - 0% - 40% - 0:00
Last Minute Offensive - 0:00
Last Minute Defensive - 0:00
Total
Forward - 60:00
Defense - 60:00
|
% Time on Ice - Punishers
Lines # - Real PCT - Wanted PCT - Time Play
Normal Forward
1 - 36% - 40% - 17:12
2 - 26% - 30% - 12:20
3 - 23% - 20% - 11:16
4 - 15% - 10% - 7:16
Normal Defense
1 - 40% - 40% - 19:05
2 - 31% - 30% - 14:42
3 - 21% - 20% - 10:10
4 - 9% - 10% - 4:07
PP Forward
1 - 61% - 60% - 4:09
2 - 39% - 40% - 2:41
PP Defense
1 - 66% - 60% - 4:31
2 - 34% - 40% - 2:19
PK Forward
1 - 81% - 60% - 3:37
2 - 19% - 40% - 0:51
PK Defense
1 - 59% - 60% - 2:37
2 - 41% - 40% - 1:51
PK3 Forward
1 - 0% - 60%
2 - 0% - 40%
PK3 Defense
1 - 0% - 60%
2 - 0% - 40%
44 Forward
1 - 100% - 60% - 0:38
2 - 0% - 40% - 0:00
44 Defense
1 - 66% - 60% - 0:25
2 - 34% - 40% - 0:13
Last Minute Offensive - 0:00
Last Minute Defensive - 0:00
Total
Forward - 60:00
Defense - 60:00
|
Play by Play
1st period
0:01 of 1st period - Alyn McCauley wins face-off versus Derick Brassard in neutral zone.
0:30 of 1st period - Snap shot by Adam Pineault.
0:30 of 1st period - Stopped by Marc Denis without a rebound.
0:31 of 1st period - Ryan White wins face-off versus David Krejci in Spitfire zone.
0:34 of 1st period - Wrist shot by Kris Chucko.
0:34 of 1st period - Shot Misses the Net.
0:40 of 1st period - Wrist shot by Kris Chucko.
0:40 of 1st period - Shot Misses the Net.
0:42 of 1st period - Slapshot by Jean-Luc Grand-Pierre.
0:42 of 1st period - Stopped by Marc Denis without a rebound.
0:43 of 1st period - Joe Vitale wins face-off versus Kris Beech in Spitfire zone.
0:44 of 1st period - Slapshot by Mike Weber.
0:44 of 1st period - Shot Blocked by Mathieu Roy.
0:52 of 1st period - Snap shot by Shean Donovan.
0:52 of 1st period - Stopped by Karri Ramo with a rebound.
0:54 of 1st period - Slapshot by Shean Donovan.
0:54 of 1st period - Goal by Shean Donovan - Spitfire : 1 - Punishers : 0.
0:55 of 1st period - Marc-Antoine Pouliot wins face-off versus Petteri Nokelainen in neutral zone.
0:58 of 1st period - Jimmie Olvestad is hit by Paul Bissonnette and loses puck.
1:25 of 1st period - Slapshot by Kris Chucko.
1:25 of 1st period - Stopped by Marc Denis without a rebound.
1:26 of 1st period - Ryan White wins face-off versus Derick Brassard in Spitfire zone.
1:27 of 1st period - Snap shot by Kris Chucko.
1:27 of 1st period - Stopped by Marc Denis with a rebound.
1:39 of 1st period - Wrist shot by Martin Samuelsson.
1:39 of 1st period - Shot Blocked by Stu Bickel.
1:41 of 1st period - Slapshot by Keith Yandle.
1:41 of 1st period - Shot Misses the Net.
2:59 of 1st period - Marc-André Bergeron is hit by Derick Brassard and loses puck.
4:16 of 1st period - Jean-Luc Grand-Pierre is hit by Paul Bissonnette and loses puck.
4:27 of 1st period - Slapshot by David Krejci.
4:27 of 1st period - Shot Misses the Net.
5:29 of 1st period - Matt Walker is hit by Jean-Luc Grand-Pierre.
6:25 of 1st period - Snap shot by Eric Fehr.
6:25 of 1st period - Stopped by Karri Ramo with a rebound.
6:27 of 1st period - Slapshot by Mathieu Roy.
6:27 of 1st period - Stopped by Karri Ramo with a rebound.
7:02 of 1st period - Jean-Luc Grand-Pierre is hit by Denis Shvidki and loses puck.
8:40 of 1st period - Off-side.
8:41 of 1st period - Ryan White wins face-off versus Derick Brassard in neutral zone.
9:16 of 1st period - Off-side.
9:17 of 1st period - Derick Brassard wins face-off versus Petteri Nokelainen in neutral zone.
9:19 of 1st period - Off-side.
9:20 of 1st period - Derick Brassard wins face-off versus Petteri Nokelainen in neutral zone.
9:23 of 1st period - Marc-André Bergeron is hit by Martin Samuelsson and loses puck.
9:48 of 1st period - Snap shot by David Krejci.
9:48 of 1st period - Stopped by Karri Ramo with a rebound.
9:56 of 1st period - Snap shot by Chris Conner.
9:56 of 1st period - Shot Misses the Net.
10:13 of 1st period - Off-side.
10:14 of 1st period - Derick Brassard wins face-off versus Alyn McCauley in neutral zone.
10:20 of 1st period - Minor Penalty to Alyn McCauley for Interference.
10:21 of 1st period - Derick Brassard wins face-off versus Petteri Nokelainen in Punishers zone.
10:36 of 1st period - Wrist shot by Eric Fehr.
10:36 of 1st period - Shot Misses the Net.
11:56 of 1st period - Jassen Cullimore is hit by Dick Tarnstrom and loses puck.
12:20 of 1st period - Penalty to Alyn McCauley is over, Alyn McCauley is back on ice.
12:29 of 1st period - Off-side.
12:30 of 1st period - Alyn McCauley wins face-off versus Kris Beech in neutral zone.
13:04 of 1st period - Keith Yandle is hit by Chris Conner and loses puck.
13:21 of 1st period - Slapshot by Kris Beech.
13:21 of 1st period - Stopped by Karri Ramo without a rebound.
13:22 of 1st period - Derick Brassard wins face-off versus Petteri Nokelainen in Punishers zone.
13:33 of 1st period - Wrist shot by Eric Fehr.
13:33 of 1st period - Stopped by Karri Ramo without a rebound.
13:34 of 1st period - Derick Brassard wins face-off versus Petteri Nokelainen in Punishers zone.
13:35 of 1st period - Snap shot by Eric Fehr.
13:35 of 1st period - Shot Blocked by Jassen Cullimore.
14:38 of 1st period - Snap shot by Alyn McCauley.
14:38 of 1st period - Goal by Alyn McCauley - Spitfire : 1 - Punishers : 1.
14:39 of 1st period - Alyn McCauley wins face-off versus Derick Brassard in neutral zone.
14:58 of 1st period - Martin Samuelsson is hit by Viktor Stalberg.
15:12 of 1st period - Ryan White is hit by David Krejci and loses puck.
15:33 of 1st period - Wrist shot by Petteri Nokelainen.
15:33 of 1st period - Shot Hit the Post.
15:35 of 1st period - Snap shot by Petteri Nokelainen.
15:35 of 1st period - Stopped by Marc Denis with a rebound.
15:37 of 1st period - Slapshot by Jean-Luc Grand-Pierre.
15:37 of 1st period - Stopped by Marc Denis without a rebound.
15:38 of 1st period - Derick Brassard wins face-off versus Alyn McCauley in Spitfire zone.
15:38 of 1st period - Derick Brassard is hit by Jassen Cullimore.
15:46 of 1st period - Slapshot by Martin Samuelsson.
15:46 of 1st period - Shot Blocked by Jassen Cullimore.
15:48 of 1st period - Slapshot by Matt Walker.
15:48 of 1st period - Shot Misses the Net.
16:11 of 1st period - Slapshot by Petteri Nokelainen.
16:11 of 1st period - Deflect By Sergei Kostitsyn.
16:11 of 1st period - Stopped by Marc Denis with a rebound.
16:27 of 1st period - Wrist shot by Kris Chucko.
16:27 of 1st period - Shot Blocked by Shean Donovan.
16:37 of 1st period - Slapshot by Shean Donovan.
16:37 of 1st period - Shot Misses the Net.
16:51 of 1st period - Snap shot by Derick Brassard.
16:51 of 1st period - Stopped by Karri Ramo without a rebound.
16:52 of 1st period - Alyn McCauley wins face-off versus Derick Brassard in Punishers zone.
18:35 of 1st period - Viktor Stalberg is hit by Paul Bissonnette and loses puck.
18:52 of 1st period - Kevin Klein is hit by Jean-Michel Daoust and loses puck.
19:16 of 1st period - Off-side.
19:17 of 1st period - Derick Brassard wins face-off versus Petteri Nokelainen in neutral zone.
19:20 of 1st period - Snap shot by Derick Brassard.
19:20 of 1st period - Stopped by Karri Ramo with a rebound.
19:28 of 1st period - Wrist shot by Petteri Nokelainen.
19:28 of 1st period - Shot Misses the Net.
19:30 of 1st period - Slapshot by Jimmie Olvestad.
19:30 of 1st period - Shot Misses the Net.
19:32 of 1st period - Slapshot by Jean-Luc Grand-Pierre.
19:32 of 1st period - Shot Misses the Net.
19:42 of 1st period - Viktor Stalberg is hit by Shean Donovan and loses puck.
2nd period
0:01 of 2nd period - Martin Samuelsson wins face-off versus Chris Conner in neutral zone.
0:08 of 2nd period - Wrist shot by Eric Fehr.
0:08 of 2nd period - Shot Hit the Post.
1:17 of 2nd period - Wrist shot by Erik Condra.
1:17 of 2nd period - Stopped by Karri Ramo with a rebound.
1:41 of 2nd period - Wrist shot by Viktor Stalberg.
1:41 of 2nd period - Stopped by Marc Denis without a rebound.
1:42 of 2nd period - David Krejci wins face-off versus Petteri Nokelainen in Spitfire zone.
1:42 of 2nd period - David Krejci is hit by Jimmie Olvestad.
1:50 of 2nd period - Wrist shot by Adam Pineault.
1:50 of 2nd period - Stopped by Marc Denis with a rebound.
1:52 of 2nd period - Snap shot by Petteri Nokelainen.
1:52 of 2nd period - Stopped by Marc Denis with a rebound.
1:54 of 2nd period - Wrist shot by Mike Weber.
1:54 of 2nd period - Shot Blocked by Keith Yandle.
1:56 of 2nd period - Snap shot by Mike Weber.
1:56 of 2nd period - Punishers goal is going for a video replay.
1:56 of 2nd period - The goal is good.
1:56 of 2nd period - Goal by Mike Weber - Spitfire : 1 - Punishers : 2.
1:57 of 2nd period - Alyn McCauley wins face-off versus Martin Samuelsson in neutral zone.
2:04 of 2nd period - Snap shot by Alyn McCauley.
2:04 of 2nd period - Deflect By Chris Conner.
2:04 of 2nd period - Stopped by Marc Denis with a rebound.
2:10 of 2nd period - Chris Conner is hit by Martin Samuelsson and loses puck.
2:29 of 2nd period - Snap shot by Jimmie Olvestad.
2:29 of 2nd period - Shot Misses the Net.
2:45 of 2nd period - Wrist shot by Ryan White.
2:45 of 2nd period - Deflect By Kris Chucko.
2:45 of 2nd period - Shot Misses the Net.
2:45 of 2nd period - Puck is out of play.
2:46 of 2nd period - Kris Beech wins face-off versus Ryan White in Spitfire zone.
2:51 of 2nd period - Snap shot by Tim Kennedy.
2:51 of 2nd period - Stopped by Karri Ramo without a rebound.
2:52 of 2nd period - Alyn McCauley wins face-off versus Derick Brassard in Punishers zone.
2:57 of 2nd period - Eric Fehr is hit by Chris Conner and loses puck.
3:28 of 2nd period - Kris Chucko is hit by Martin Samuelsson and loses puck.
3:43 of 2nd period - Snap shot by Martin Samuelsson.
3:43 of 2nd period - Shot Misses the Net.
3:47 of 2nd period - Snap shot by Martin Samuelsson.
3:47 of 2nd period - Shot Misses the Net.
3:49 of 2nd period - Slapshot by Dick Tarnstrom.
3:49 of 2nd period - Shot Misses the Net.
3:51 of 2nd period - Wrist shot by Eric Fehr.
3:51 of 2nd period - Shot Blocked by Kris Chucko.
3:53 of 2nd period - Snap shot by Derick Brassard.
3:53 of 2nd period - Deflect By Martin Samuelsson.
3:53 of 2nd period - Stopped by Karri Ramo with a rebound.
3:55 of 2nd period - Wrist shot by Eric Fehr.
3:55 of 2nd period - Shot Misses the Net.
3:57 of 2nd period - Slapshot by Kevin Klein.
3:57 of 2nd period - Stopped by Karri Ramo without a rebound.
3:58 of 2nd period - Alyn McCauley wins face-off versus David Krejci in Punishers zone.
3:58 of 2nd period - Alyn McCauley is hit by Sergei Kostitsyn.
5:07 of 2nd period - Icing by David Krejci.
5:08 of 2nd period - Joe Vitale wins face-off versus David Krejci in Spitfire zone.
5:09 of 2nd period - Snap shot by Adam McQuaid.
5:09 of 2nd period - Shot Misses the Net.
5:36 of 2nd period - Wrist shot by Petteri Nokelainen.
5:36 of 2nd period - Goal by Petteri Nokelainen - Spitfire : 1 - Punishers : 3.
5:37 of 2nd period - Derick Brassard wins face-off versus Alyn McCauley in neutral zone.
6:24 of 2nd period - Slapshot by Viktor Stalberg.
6:24 of 2nd period - Stopped by Marc Denis with a rebound.
6:30 of 2nd period - Slapshot by Viktor Stalberg.
6:30 of 2nd period - Stopped by Marc Denis with a rebound.
6:32 of 2nd period - Snap shot by Viktor Stalberg.
6:32 of 2nd period - Shot Misses the Net.
6:34 of 2nd period - Backhand shot by Alyn McCauley.
6:34 of 2nd period - Shot Blocked by Keith Yandle.
6:36 of 2nd period - Slapshot by Jassen Cullimore.
6:36 of 2nd period - Stopped by Marc Denis with a rebound.
7:18 of 2nd period - Slapshot by Viktor Stalberg.
7:18 of 2nd period - Stopped by Marc Denis without a rebound.
7:19 of 2nd period - Derick Brassard wins face-off versus Petteri Nokelainen in Spitfire zone.
7:34 of 2nd period - Dick Tarnstrom is hit by Stu Bickel and loses puck.
8:23 of 2nd period - Jason Gregoire is hit by Keaton Ellerby and loses puck.
11:07 of 2nd period - Off-side.
11:08 of 2nd period - Eric Fehr wins face-off versus Viktor Stalberg in neutral zone.
11:12 of 2nd period - Slapshot by Keith Yandle.
11:12 of 2nd period - Shot Misses the Net.
11:37 of 2nd period - Snap shot by Denis Shvidki.
11:37 of 2nd period - Shot Misses the Net.
11:39 of 2nd period - Snap shot by Sergei Kostitsyn.
11:39 of 2nd period - Shot Misses the Net.
11:53 of 2nd period - Slapshot by Jassen Cullimore.
11:53 of 2nd period - Stopped by Marc Denis with a rebound.
12:20 of 2nd period - Minor Penalty to Alyn McCauley for Hooking.
12:21 of 2nd period - Derick Brassard wins face-off versus Petteri Nokelainen in Punishers zone.
12:22 of 2nd period - Wrist shot by Eric Fehr.
12:22 of 2nd period - Goal by Eric Fehr - Spitfire : 2 - Punishers : 3.
12:23 of 2nd period - Derick Brassard wins face-off versus Alyn McCauley in neutral zone.
12:48 of 2nd period - Sergei Kostitsyn is hit by Petteri Nokelainen and loses puck.
12:57 of 2nd period - Snap shot by Adam Pineault.
12:57 of 2nd period - Stopped by Marc Denis with a rebound.
12:59 of 2nd period - Wrist shot by Adam Pineault.
12:59 of 2nd period - Stopped by Marc Denis with a rebound.
13:13 of 2nd period - Slapshot by Marc-André Bergeron.
13:13 of 2nd period - Shot Blocked by Dick Tarnstrom.
13:15 of 2nd period - Slapshot by Mike Weber.
13:15 of 2nd period - Deflect By Dick Tarnstrom.
13:15 of 2nd period - Stopped by Marc Denis without a rebound.
13:16 of 2nd period - Joe Vitale wins face-off versus Derick Brassard in Spitfire zone.
13:17 of 2nd period - Slapshot by Mike Weber.
13:17 of 2nd period - Stopped by Marc Denis with a rebound.
13:28 of 2nd period - Minor Penalty to Jason Gregoire for Tripping.
13:29 of 2nd period - Derick Brassard wins face-off versus Petteri Nokelainen in Punishers zone.
14:21 of 2nd period - Jimmie Olvestad is hit by Martin Samuelsson and loses puck.
15:28 of 2nd period - Penalty to Jason Gregoire is over, Jason Gregoire is back on ice.
15:32 of 2nd period - Jason Gregoire is hit by Kris Beech.
15:59 of 2nd period - Marc-André Bergeron is hit by Mathieu Roy and loses puck.
16:04 of 2nd period - Slapshot by Keith Yandle.
16:04 of 2nd period - Shot Blocked by Jassen Cullimore.
16:06 of 2nd period - Slapshot by Kevin Klein.
16:06 of 2nd period - Stopped by Karri Ramo without a rebound.
16:07 of 2nd period - Ryan White wins face-off versus Derick Brassard in Punishers zone.
16:32 of 2nd period - Kris Beech is hit by Viktor Stalberg and loses puck.
17:58 of 2nd period - Snap shot by Kris Beech.
17:58 of 2nd period - Shot Blocked by Mike Blunden.
18:01 of 2nd period - Minor Penalty to Keaton Ellerby for Tripping.
18:02 of 2nd period - Alyn McCauley wins face-off versus Martin Samuelsson in Spitfire zone.
18:13 of 2nd period - Snap shot by Adam Pineault.
18:13 of 2nd period - Shot Blocked by Matt Walker.
18:15 of 2nd period - Slapshot by Marc-André Bergeron.
18:15 of 2nd period - Shot Blocked by Martin Samuelsson.
18:17 of 2nd period - Wrist shot by Alyn McCauley.
18:17 of 2nd period - Shot Misses the Net.
18:31 of 2nd period - Snap shot by Chris Conner.
18:31 of 2nd period - Stopped by Marc Denis with a rebound.
18:33 of 2nd period - Wrist shot by Petteri Nokelainen.
18:33 of 2nd period - Deflect By Kevin Klein.
18:33 of 2nd period - Shot Blocked by Eric Fehr.
18:33 of 2nd period - Puck is out of play.
18:34 of 2nd period - Petteri Nokelainen wins face-off versus Martin Samuelsson in Spitfire zone.
18:39 of 2nd period - Wrist shot by Jimmie Olvestad.
18:39 of 2nd period - Shot Misses the Net.
18:41 of 2nd period - Slapshot by Jimmie Olvestad.
18:41 of 2nd period - Shot Hit the Post.
18:43 of 2nd period - Slapshot by Jimmie Olvestad.
18:43 of 2nd period - Stopped by Marc Denis with a rebound.
18:45 of 2nd period - Slapshot by Stu Bickel.
18:45 of 2nd period - Stopped by Marc Denis without a rebound.
18:46 of 2nd period - Martin Samuelsson wins face-off versus Petteri Nokelainen in Spitfire zone.
19:11 of 2nd period - Alyn McCauley is hit by Derick Brassard and loses puck.
19:20 of 2nd period - Wrist shot by Viktor Stalberg.
19:20 of 2nd period - Stopped by Marc Denis without a rebound.
19:21 of 2nd period - Petteri Nokelainen wins face-off versus Martin Samuelsson in Spitfire zone.
19:30 of 2nd period - Wrist shot by Chris Conner.
19:30 of 2nd period - Stopped by Marc Denis with a rebound.
19:32 of 2nd period - Backhand shot by Jean-Luc Grand-Pierre.
19:32 of 2nd period - Goal by Jean-Luc Grand-Pierre - Spitfire : 2 - Punishers : 4.
19:33 of 2nd period - Alyn McCauley wins face-off versus Derick Brassard in neutral zone.
19:59 of 2nd period - Adam Pineault is hit by Sergei Kostitsyn and loses puck.
3rd period
0:01 of 3rd period - Derick Brassard wins face-off versus Alyn McCauley in neutral zone.
0:04 of 3rd period - Slapshot by Kevin Klein.
0:04 of 3rd period - Stopped by Karri Ramo with a rebound.
0:23 of 3rd period - Minor Penalty to David Krejci for Hooking.
0:24 of 3rd period - Petteri Nokelainen wins face-off versus Martin Samuelsson in Spitfire zone.
0:27 of 3rd period - Backhand shot by Jimmie Olvestad.
0:27 of 3rd period - Shot Misses the Net.
0:29 of 3rd period - Slapshot by Jassen Cullimore.
0:29 of 3rd period - Stopped by Marc Denis without a rebound.
0:30 of 3rd period - Petteri Nokelainen wins face-off versus Martin Samuelsson in Spitfire zone.
2:23 of 3rd period - Penalty to David Krejci is over, David Krejci is back on ice.
3:46 of 3rd period - Ryan White is hit by Marc-Antoine Pouliot and loses puck.
4:03 of 3rd period - Paul Bissonnette is hit by Adam Pineault and loses puck.
4:22 of 3rd period - Snap shot by Shean Donovan.
4:22 of 3rd period - Stopped by Karri Ramo without a rebound.
4:23 of 3rd period - Alyn McCauley wins face-off versus Kris Beech in Punishers zone.
4:27 of 3rd period - Off-side.
4:28 of 3rd period - Alyn McCauley wins face-off versus Derick Brassard in neutral zone.
4:32 of 3rd period - Off-side.
4:33 of 3rd period - Alyn McCauley wins face-off versus Derick Brassard in neutral zone.
5:21 of 3rd period - Off-side.
5:22 of 3rd period - Ryan White wins face-off versus Kris Beech in neutral zone.
5:47 of 3rd period - Ryan White is hit by Tim Kennedy and loses puck.
5:54 of 3rd period - Wrist shot by Tim Kennedy.
5:54 of 3rd period - Shot Blocked by Mike Blunden.
5:56 of 3rd period - Slapshot by Keaton Ellerby.
5:56 of 3rd period - Stopped by Karri Ramo with a rebound.
5:58 of 3rd period - Snap shot by Tim Kennedy.
5:58 of 3rd period - Shot Misses the Net.
6:00 of 3rd period - Wrist shot by Mathieu Roy.
6:00 of 3rd period - Stopped by Karri Ramo with a rebound.
6:02 of 3rd period - Slapshot by Mathieu Roy.
6:02 of 3rd period - Stopped by Karri Ramo with a rebound.
6:04 of 3rd period - Slapshot by Kris Beech.
6:04 of 3rd period - Shot Blocked by Jean-Luc Grand-Pierre.
6:06 of 3rd period - Slapshot by Mathieu Roy.
6:06 of 3rd period - Stopped by Karri Ramo with a rebound.
6:15 of 3rd period - Off-side.
6:16 of 3rd period - Derick Brassard wins face-off versus Chris Conner in neutral zone.
6:23 of 3rd period - Snap shot by Alyn McCauley.
6:23 of 3rd period - Shot Blocked by Eric Fehr.
6:47 of 3rd period - Slapshot by Petteri Nokelainen.
6:47 of 3rd period - Stopped by Marc Denis with a rebound.
6:49 of 3rd period - Snap shot by Adam McQuaid.
6:49 of 3rd period - Stopped by Marc Denis without a rebound.
6:50 of 3rd period - David Krejci wins face-off versus Alyn McCauley in Spitfire zone.
7:18 of 3rd period - Snap shot by Jimmie Olvestad.
7:18 of 3rd period - Stopped by Marc Denis with a rebound.
7:48 of 3rd period - Slapshot by Shean Donovan.
7:48 of 3rd period - Stopped by Karri Ramo without a rebound.
7:49 of 3rd period - David Krejci wins face-off versus Alyn McCauley in Punishers zone.
9:02 of 3rd period - Keaton Ellerby is hit by Joe Vitale and loses puck.
9:26 of 3rd period - Slapshot by Marc-Antoine Pouliot.
9:26 of 3rd period - Stopped by Karri Ramo without a rebound.
9:27 of 3rd period - Petteri Nokelainen wins face-off versus Derick Brassard in Punishers zone.
9:42 of 3rd period - Snap shot by Martin Samuelsson.
9:42 of 3rd period - Goal by Martin Samuelsson - Spitfire : 3 - Punishers : 4.
9:43 of 3rd period - Alyn McCauley wins face-off versus Derick Brassard in neutral zone.
9:47 of 3rd period - Minor Penalty to Martin Samuelsson for Holding.
9:48 of 3rd period - Tim Kennedy wins face-off versus Petteri Nokelainen in Spitfire zone.
10:01 of 3rd period - Snap shot by Jimmie Olvestad.
10:01 of 3rd period - Stopped by Marc Denis with a rebound.
10:03 of 3rd period - Slapshot by Marc-André Bergeron.
10:03 of 3rd period - Shot Misses the Net.
10:13 of 3rd period - Matt Walker is hit by Adam Pineault and loses puck.
11:08 of 3rd period - Minor Penalty to Jimmie Olvestad for Hooking.
11:09 of 3rd period - Kris Beech wins face-off versus Petteri Nokelainen in Punishers zone.
11:22 of 3rd period - Kris Beech is hit by Jassen Cullimore.
11:47 of 3rd period - Penalty to Martin Samuelsson is over, Martin Samuelsson is back on ice.
12:14 of 3rd period - Slapshot by Dick Tarnstrom.
12:14 of 3rd period - Deflect By Denis Shvidki.
12:14 of 3rd period - Goal by Denis Shvidki - Spitfire : 4 - Punishers : 4.
12:15 of 3rd period - Derick Brassard wins face-off versus Alyn McCauley in neutral zone.
12:20 of 3rd period - Slapshot by Viktor Stalberg.
12:20 of 3rd period - Shot Misses the Net.
12:22 of 3rd period - Slapshot by Viktor Stalberg.
12:22 of 3rd period - Shot Blocked by Eric Fehr.
12:24 of 3rd period - Slapshot by Jassen Cullimore.
12:24 of 3rd period - Stopped by Marc Denis with a rebound.
12:26 of 3rd period - Slapshot by Marc-André Bergeron.
12:26 of 3rd period - Shot Misses the Net.
12:28 of 3rd period - Slapshot by Jassen Cullimore.
12:28 of 3rd period - Stopped by Marc Denis with a rebound.
12:30 of 3rd period - Wrist shot by Chris Conner.
12:30 of 3rd period - Goal by Chris Conner - Spitfire : 4 - Punishers : 5.
12:31 of 3rd period - Alyn McCauley wins face-off versus Derick Brassard in neutral zone.
12:56 of 3rd period - Jimmie Olvestad is hit by David Krejci and loses puck.
13:05 of 3rd period - Slapshot by Denis Shvidki.
13:05 of 3rd period - Shot Hit the Post.
13:21 of 3rd period - Snap shot by Kris Chucko.
13:21 of 3rd period - Stopped by Marc Denis with a rebound.
13:23 of 3rd period - Snap shot by Mike Blunden.
13:23 of 3rd period - Stopped by Marc Denis without a rebound.
13:24 of 3rd period - Ryan White wins face-off versus Derick Brassard in Spitfire zone.
13:25 of 3rd period - Wrist shot by Kris Chucko.
13:25 of 3rd period - Stopped by Marc Denis with a rebound.
14:23 of 3rd period - Snap shot by Marc-Antoine Pouliot.
14:23 of 3rd period - Shot Misses the Net.
14:33 of 3rd period - Stu Bickel is hit by Keaton Ellerby and loses puck.
14:56 of 3rd period - Snap shot by Kris Chucko.
14:56 of 3rd period - Shot Blocked by Mathieu Roy.
14:58 of 3rd period - Slapshot by Mike Blunden.
14:58 of 3rd period - Stopped by Marc Denis with a rebound.
15:00 of 3rd period - Slapshot by Ryan White.
15:00 of 3rd period - Goal by Ryan White - Spitfire : 4 - Punishers : 6.
15:01 of 3rd period - Derick Brassard wins face-off versus Alyn McCauley in neutral zone.
15:04 of 3rd period - Viktor Stalberg is hit by Kevin Klein and loses puck.
15:13 of 3rd period - Martin Samuelsson is hit by Viktor Stalberg and loses puck.
15:33 of 3rd period - Wrist shot by Tim Kennedy.
15:33 of 3rd period - Deflect By Shean Donovan.
15:33 of 3rd period - Goal by Shean Donovan - Spitfire : 5 - Punishers : 6.
15:34 of 3rd period - Derick Brassard wins face-off versus Alyn McCauley in neutral zone.
16:01 of 3rd period - Dick Tarnstrom is hit by Mike Blunden and loses puck.
16:26 of 3rd period - Shean Donovan is hit by Adam Pineault and loses puck.
17:23 of 3rd period - Icing by Matt Walker.
17:24 of 3rd period - Ryan White wins face-off versus Derick Brassard in Spitfire zone.
17:35 of 3rd period - Wrist shot by Kris Chucko.
17:35 of 3rd period - Shot Blocked by Derick Brassard.
17:37 of 3rd period - Slapshot by Jean-Luc Grand-Pierre.
17:37 of 3rd period - Shot Blocked by Eric Fehr.
17:39 of 3rd period - Snap shot by Kris Chucko.
17:39 of 3rd period - Stopped by Marc Denis without a rebound.
17:40 of 3rd period - Kris Beech wins face-off versus Alyn McCauley in Spitfire zone.
17:48 of 3rd period - Icing by Dick Tarnstrom.
17:49 of 3rd period - Alyn McCauley wins face-off versus Kris Beech in Spitfire zone.
17:51 of 3rd period - Minor Penalty to Tim Kennedy for Hooking.
17:52 of 3rd period - Martin Samuelsson wins face-off versus Petteri Nokelainen in Spitfire zone.
17:57 of 3rd period - Slapshot by Kevin Klein.
17:57 of 3rd period - Stopped by Karri Ramo with a rebound.
18:05 of 3rd period - Slapshot by Marc-André Bergeron.
18:05 of 3rd period - Deflect By Jimmie Olvestad.
18:05 of 3rd period - Shot Misses the Net.
18:05 of 3rd period - Puck is out of play.
18:06 of 3rd period - Petteri Nokelainen wins face-off versus Eric Fehr in Spitfire zone.
18:31 of 3rd period - Eric Fehr is hit by Viktor Stalberg and loses puck.
19:18 of 3rd period - Snap shot by David Krejci.
19:18 of 3rd period - Stopped by Karri Ramo with a rebound.
19:20 of 3rd period - Snap shot by Paul Bissonnette.
19:20 of 3rd period - Stopped by Karri Ramo without a rebound.
19:21 of 3rd period - Todd McLellan call a timeout for Spitfire.
19:21 of 3rd period - Martin Samuelsson wins face-off versus Petteri Nokelainen in Punishers zone.
19:26 of 3rd period - Snap shot by Eric Fehr.
19:26 of 3rd period - Shot Misses the Net.
19:51 of 3rd period - Penalty to Tim Kennedy is over, Tim Kennedy is back on ice.
Output by the SimonT Hockey Simulator (STHS) for François Prévost -- Original Page W3C XHTML 1.0 Valid